 Dungeon Crawl Stone Soup version 0.23.2-1-ga50397a (webtiles) character file.

Game seed: 17739742696091273626

17309 Borgoz the Cruncher (level 12, -7/77 HPs)
             Began as a Gargoyle Gladiator on May 15, 2019.
             Was a Follower of Ashenzari.
             Mangled by an enormous slime creature (52 damage)
             ... on level 12 of the Dungeon.
             The game lasted 00:26:06 (12467 turns).

Borgoz the Cruncher (Gargoyle Gladiator)           Turns: 12467, Time: 00:26:06

Health: -7/77      AC: 31    Str: 22    XL:     12   Next: 46%
Magic:  12/12      EV: 11    Int: 10    God:    Ashenzari [*.....]
Gold:   195        SH:  2    Dex: 15    Spells: 8/11 levels left

rFire    . . .     SeeInvis +   a - +2 quarterstaff
rCold    . . .     Gourm    .   (shield currently unavailable)
rNeg     + . .     Faith    .   h - +0 plate armour
rPois    ∞         Spirit   .   c - +0 helmet
rElec    +         Reflect  +   N - +0 cloak
rCorr    .         Harm     .   D - +1 pair of gloves
MR       .....                  L - +1 pair of boots {Fly}
Stlth    ..........             C - +2 amulet of reflection
HPRegen  0.22/turn              K - ring of see invisible
MPRegen  0.13/turn              p - +4 ring of strength

@: flying
A: negative energy resistance 1, electricity resistance, unbreathing,
petrification resistance, rot immunity, AC +8
a: Curse Item, Scrying, Renounce Religion, Stop Flying


You were on level 12 of the Dungeon.
You worshipped Ashenzari.
Ashenzari was aware of your devotion.
You were not hungry.

You visited 2 branches of the dungeon, and saw 13 of its levels.
You also visited: Sewer and Ossuary.

You collected 682 gold pieces.
You spent 487 gold pieces at shops.

Inventory:

Hand Weapons
 a - a +2 quarterstaff (weapon)
Missiles
 d - 5 throwing nets (quivered)
Armour
 c - a +0 helmet (worn)
 h - a +0 plate armour (worn)
 i - a +0 chain mail of cold resistance
 D - a +1 pair of gloves (worn)
 I - a +3 leather armour of fire resistance
 L - a +1 pair of boots of flying (worn)
 N - a +0 cloak (worn)
Jewellery
 j - a +4 ring of intelligence
 l - an uncursed ring of wizardry
 p - a +4 ring of strength (right hand)
 C - a +2 amulet of reflection (around neck)
 F - an uncursed ring of protection from fire
 H - an uncursed ring of protection from cold
 K - a ring of see invisible (left hand)
Wands
 b - a wand of flame (34)
 r - a wand of digging (5)
 w - a wand of disintegration (8)
 z - a wand of polymorph (7)
 B - a wand of paralysis (7)
 G - a wand of acid (12)
Scrolls
 e - 9 scrolls of teleportation
 k - 3 scrolls of enchant armour
 o - 3 scrolls of remove curse
 q - 3 scrolls of fog
 x - 2 scrolls of magic mapping
 y - 2 scrolls of blinking
 A - a scroll of holy word
 E - a scroll of amnesia
Potions
 g - 4 potions of flight
 s - a potion of curing
 t - a potion of brilliance
 u - a potion of cancellation
 v - 5 potions of magic
Comestibles
 f - 23 rations
 m - 13 chunks of flesh


   Skills:
 + Level 10.0 Fighting
 * Level 12.7 Staves
 - Level 1.7 Throwing
 + Level 9.8 Armour
 + Level 8.1 Dodging
 - Level 2.2 Stealth


You had 8 spell levels left.
You knew the following spells:

 Your Spells              Type           Power        Failure   Level  Hunger
a - Confuse               Hex            #.......     100%        3    ####...

Your spell library contained the following spells:

 Spells                   Type           Power        Failure   Level  Hunger
 Corona                   Hex            #......      99%         1    ##.....
 Ensorcelled Hibernation  Hex/Ice        #.....       100%        2    ###....
 Dazzling Spray           Conj/Hex       #.....       100%        3    ####...
 Tukima's Dance           Hex            #.......     100%        3    ####...


Dungeon Overview and Level Annotations

Branches:
Dungeon (12/15)            Temple (1/1) D:7            Lair (0/6) D:10
    Orc (0/2) D:12

Altars:
Ashenzari
Cheibriados
Dithmenos
Elyvilon
Fedhas
Gozag
Hepliaklqana
Kikubaaqudgha
Makhleb
Nemelex Xobeh
Okawaru
Qazlal
Ru
Sif Muna
Trog
Uskayaw
Vehumet
Wu Jian
Xom
Yredelemnul
Zin
The Shining One

Shops:
D:10 ?*%[

Annotations:
D:11 2 transporters, diana's ghost, novice DgGl


Innate Abilities, Weirdness & Mutations

You are resistant to torment.
Your stone body is resilient. (AC +8)
You are immune to poison.
You resist negative energy. (rN+)
You are resistant to electric shocks. (rElec)
You can survive without breathing.
You are immune to petrification.
You are immune to rotting.


Message History

Evoke which item? (* to show all) (? for menu, Esc to quit)
Aiming: Paralyse
Press: ? - help, Shift-Dir - straight line, f - enormous slime creature
Aim: an enormous slime creature (lightly wounded, chance to defeat MR: 28%)
The enormous slime creature easily resists.
The enormous slime creature hits you.
Evoke which item? (* to show all) (? for menu, Esc to quit)
Aiming: Paralyse
Press: ? - help, Shift-Dir - straight line, f/p - enormous slime creature
Aim: an enormous slime creature (lightly wounded, chance to defeat MR: 28%)
The enormous slime creature easily resists.
The enormous slime creature hits you but does no damage.
Evoke which item? (* to show all) (? for menu, Esc to quit)
Aiming: Paralyse
Press: ? - help, Shift-Dir - straight line, f/p - enormous slime creature
Aim: an enormous slime creature (lightly wounded, chance to defeat MR: 28%)
The enormous slime creature easily resists.
The enormous slime creature hits you!!!
Ouch! That really hurt!
You die...

####### .......
####
.......######
#...
.......J@...##
#...
..>....####..####
#... .......
##....######...
.......
####......'...
.......
########...
%...... #....
....... #....
###.### #.>.#
#...#


You could see an enormous slime creature.

Vanquished Creatures
  Azrael (D:11)
  Harold (D:7)
  3 two-headed ogres
  2 unseen horrors
  2 cyclopes
  A gargoyle (D:12)
  A centaur zombie (D:11)
  A centaur skeleton (D:11)
  A merfolk (D:12)
  A hornet (D:8)
  A hippogriff (D:6)
  Sigmund (D:2)
  3 fire elementals (D:11)
  A wyvern (D:12)
  2 wraiths
  2 basilisks
  A steam dragon (D:9)
  13 yaks
  4 wargs (D:12)
  2 hell hounds (D:11)
  A water moccasin (D:8)
  3 orc warriors
  An ice beast (D:5)
  A phantom (D:11)
  3 sky beasts
  3 black bears (D:8)
  An eye of draining (D:11)
  5 ogres
  3 centaurs
  4 big kobolds
  Blork the orc (D:5)
  13 bullfrogs
  A water moccasin zombie (Ossuary)
  A wyvern skeleton (D:11)
  3 scorpions
  3 killer bees (D:7)
  15 wights
  2 electric eels (D:6)
  6 howler monkeys
  5 crimson imps
  3 hounds
  4 human zombies (D:7)
  5 orc priests
  A bullfrog zombie (D:11)
  A bullfrog skeleton (D:11)
  A quasit (D:9)
  4 jellies
  16 orc wizards
  2 human skeletons (D:7)
  6 iguanas
  9 worker ants
  5 big kobold zombies (Ossuary)
  An ogre zombie (D:7)
  3 mummies
  2 howler monkey zombies
  4 worker ant zombies
  Robin (D:4)
  6 gnolls
  4 river rats
  13 adders
  4 shadow imps
  3 oozes (Sewer)
  9 adder zombies (Ossuary)
  2 adder skeletons (D:8)
  6 worms
  8 dart slugs
  5 leopard geckos
  43 orcs
  11 ball pythons
  8 giant cockroaches
  2 gnoll zombies (Ossuary)
  12 goblins
  10 hobgoblins
  11 jackals
  3 quokkas
  8 bats
  5 frilled lizards
  2 hobgoblin zombies (Ossuary)
  A jackal skeleton (D:5)
  14 kobolds
  5 kobold zombies (Ossuary)
  2 leopard gecko zombies
  10 orc zombies
  A quokka zombie (D:9)
  11 rats
406 creatures vanquished.

Vanquished Creatures (others)
  A kobold (D:9)
1 creature vanquished.

Grand Total: 407 creatures vanquished

Notes
Turn   | Place    | Note
-------+----------+-------------------------------------------
     0 | D:1      | Borgoz the Gargoyle Gladiator began the quest for the Orb.
     0 | D:1      | Reached XP level 1. HP: 12/12 MP: 1/1
   200 | D:1      | Reached XP level 2. HP: 17/18 MP: 2/2
   485 | D:1      | Reached skill level 1 in Stealth
   538 | D:1      | Reached XP level 3. HP: 22/22 MP: 3/3
   756 | D:2      | Reached skill level 1 in Armour
   771 | D:2      | Noticed Sigmund
   825 | D:2      | Killed Sigmund
   825 | D:2      | Reached skill level 4 in Staves
   825 | D:2      | Reached XP level 4. HP: 28/28 MP: 4/4
   825 | D:2      | Reached XP level 5. HP: 32/32 MP: 5/5
   917 | D:2      | Found a sacrificial altar of Ru.
  1106 | D:2      | Reached XP level 6. HP: 35/37 MP: 6/6
  1674 | D:3      | Found a glowing drain.
  1687 | Sewer    | Entered a sewer
  1991 | Sewer    | Reached skill level 5 in Staves
  2063 | Sewer    | Reached XP level 7. HP: 43/43 MP: 7/7
  2588 | D:3      | You fall through a shaft!
  2848 | D:4      | Noticed Robin
  2874 | D:4      | Killed Robin
  3648 | D:5      | Entered Level 5 of the Dungeon
  3660 | D:5      | Reached skill level 6 in Staves
  3660 | D:5      | Reached XP level 8. HP: 48/48 MP: 8/8
  3982 | D:5      | Found a radiant altar of Vehumet.
  4009 | D:5      | Reached skill level 5 in Fighting
  4385 | D:5      | Reached skill level 7 in Staves
  4525 | D:5      | Noticed Blork the orc
  4533 | D:5      | Killed Blork the orc
  4533 | D:5      | Reached skill level 5 in Armour
  4844 | D:5      | Found an ancient bone altar of Kikubaaqudgha.
  4943 | D:6      | Reached XP level 9. HP: 46/55 MP: 9/9
  5147 | D:6      | Found a sand-covered staircase.
  5216 | D:6      | Reached skill level 5 in Dodging
  5235 | Ossuary  | Entered an ossuary
  5449 | Ossuary  | Reached skill level 8 in Staves
  6273 | D:7      | Noticed Harold
  6313 | D:7      | Killed Harold
  6313 | D:7      | Reached skill level 9 in Staves
  6313 | D:7      | Reached XP level 10. HP: 12/63 MP: 10/10
  7232 | D:7      | Found a staircase to the Ecumenical Temple.
  7281 | Temple   | Entered the Ecumenical Temple
  7397 | Temple   | Became a worshipper of Ashenzari the Shackled
  7623 | D:7      | Found a basalt altar of Yredelemnul.
  7870 | D:7      | Found a glowing silver altar of Zin.
  7870 | D:7      | Noticed an angel
  7936 | D:8      | Found a bloodstained altar of Trog.
  8040 | D:8      | Found a glowing golden altar of the Shining One.
  8057 | D:8      | Reached skill level 10 in Staves
  8912 | D:9      | Found a snail-covered altar of Cheibriados.
  9047 | D:9      | Noticed a two-headed ogre
  9061 | D:9      | Killed a two-headed ogre
  9061 | D:9      | Reached XP level 11. HP: 50/69 MP: 11/11
  9135 | D:9      | Found an opulent altar of Gozag.
  9240 | D:9      | Found a blossoming altar of Fedhas.
  9322 | D:9      | Killed an unseen horror
  9336 | D:9      | Found a hazy altar of Hepliaklqana.
  9342 | D:9      | Noticed a two-headed ogre
  9356 | D:9      | Killed a two-headed ogre
  9356 | D:9      | Reached skill level 11 in Staves
  9539 | D:9      | Found a stormy altar of Qazlal.
  9599 | D:9      | Found a hazy altar of Hepliaklqana.
  9690 | D:10     | Entered Level 10 of the Dungeon
  9693 | D:10     | Found Xigifiyfe's Food Shoppe.
  9859 | D:10     | Found Tatiocs's Antique Armour Shoppe.
  9867 | D:10     | Bought a pair of embroidered boots for 195 gold pieces
  9867 | D:10     | Bought a pair of glowing boots for 195 gold pieces
  9894 | D:10     | Reached * piety under Ashenzari
  9927 | D:10     | Noticed a cyclops
 10097 | D:10     | Killed a cyclops
 10175 | D:10     | Found a staircase to the Lair.
 10508 | D:10     | Found Othin's Magic Scroll Shoppe.
 10516 | D:10     | Bought a scroll of blinking for 97 gold pieces
 10589 | D:10     | Found Ykhaderr's Assorted Antiques.
 10661 | D:11     | Noticed a cyclops
 10684 | D:11     | Killed a cyclops
 10944 | D:11     | Found a transporter.
 10944 | D:11     | Noticed diana's ghost (novice DgGl)
 10949 | D:11     | Noticed a deep troll
 10981 | D:11     | Found a transporter.
 10996 | D:11     | Noticed an unseen horror
 11006 | D:11     | Killed an unseen horror
 11006 | D:11     | Reached skill level 12 in Staves
 11251 | D:11     | Reached XP level 12. HP: 68/76 MP: 12/12
 11327 | D:12     | Noticed Azrael
 11696 | D:11     | Killed Azrael
 12050 | D:12     | Noticed a two-headed ogre
 12061 | D:12     | Killed a two-headed ogre
 12093 | D:11     | Learned a level 3 spell: Confuse
 12273 | D:12     | Reached skill level 10 in Fighting
 12395 | D:12     | Found a staircase to the Orcish Mines.
 12467 | D:12     | Mangled by an enormous slime creature

Skill      XL: |  1  2  3  4  5  6  7  8  9 10 11 12 |
---------------+-------------------------------------+-----
Stealth        | 1 2 |  2.2
Armour         | 2 3 5 6 8 9 |  9.8
Fighting       | 3 4 5 7 8 9 10 | 10.0
Staves         | 4 5 6 7 9 10 12 | 12.7
Dodging        | 3 4 5 6 7 8 |  8.1
Throwing       | |  1.7

Action                   |  1- 3 |  4- 6 |  7- 9 | 10-12 || total
-------------------------+-------+-------+-------+-------++-------
Melee: Quarterstaff      |    73 |   275 |   674 |  1013 ||  2035
Throw: Throwing net      |       |       |     2 |     1 ||     3
Evoke: Wand              |       |       |       |     4 ||     4
  Use: Potion            |     5 |       |    11 |     9 ||    25
       Scroll            |     2 |     4 |     8 |     8 ||    22
 Stab: Invisible         |       |     1 |       |     5 ||     6
       Paralysed         |       |     1 |       |       ||     1
       Held in net/web   |       |       |       |     1 ||     1
  Eat: Chunk             |       |     5 |    14 |    18 ||    37
       Ration            |       |       |       |     1 ||     1
Armor: Plate armour      |    50 |   228 |   504 |   172 ||   954
       Leather armour    |     1 |       |       |    51 ||    52
       Skin              |    21 |       |    15 |    26 ||    62
       Chain mail        |       |       |       |   331 ||   331
Dodge: Dodged            |    15 |    77 |   227 |   450 ||   769
Block: Other             |       |       |       |    38 ||    38
